 Dungeon Crawl Stone Soup version 0.30-a0-723-gc1506a1cf0 (webtiles) character file.

Game seed: 7542647451649357901

121 scionoferis the Shooter (level 4, -1/36 HPs)
             Began as a Demigod Hexslinger on Jan 28, 2023.
             Succumbed to an orc's poison
             ... on level 3 of the Dungeon.
             The game lasted 00:05:02 (2432 turns).

scionoferis the Shooter (Demigod Hexslinger)        Turns: 2432, Time: 00:05:03

Health: -1/36      AC:  6    Str: 11    XL:     4   Next: 49%
Magic:  4/8        EV: 13    Int: 15    God:
Gold:   220        SH:  0    Dex: 18    Spells: 4/5 levels left

rFire   . . .      SeeInvis .    a - +1 sling
rCold   . . .      Faith    .    (no shield)
rNeg    . . .      Spirit   .    c - +0 robe
rPois   .          Reflect  .    i - +2 hat
rElec   .          Harm     .    (no cloak)
rCorr   .          Rampage  .    q - +0 pair of gloves
Will    .....                    k - +0 pair of boots
Stlth   ++                       (no amulet)
HPRegen 0.26/turn                (no ring)
MPRegen 0.11/turn                (no ring)

@: lethally poisoned (-1 -> -13)
A: high MP 1, forlorn, divine attributes
a: no special abilities


You were on level 3 of the Dungeon.
You visited 1 branch of the dungeon, and saw 3 of its levels.

You collected 220 gold pieces.


Innate Abilities, Weirdness & Mutations

You have an increased reservoir of magic. (+10% MP)
You shall have no god before yourself.
Your divine heritage dramatically boosts your attributes as you level up.


   Skills:
 + Level 1.9 Fighting
 * Level 3.1 Ranged Weapons
 + Level 2.6 Dodging
 + Level 1.7 Stealth
 - Level 1.0 Spellcasting
 - Level 2.6 Hexes


You had 4 spell levels left.
You knew the following spells:

 Your Spells              Type           Power      Damage    Failure   Level
a - Slow                  Hex            32%        N/A       9%          1

Your spell library contained the following spells:

 Spells                   Type           Power      Damage    Failure   Level
 Inner Flame              Hex/Fire       4%         N/A       38%         3
 Portal Projectile        Hex/Tloc       8%         N/A       38%         3
 Cause Fear               Hex            4%         N/A       63%         4

Inventory:

Hand Weapons
 a - a +1 sling (weapon)
 j - a +0 rapier
   (You found it on level 2 of the Dungeon)
 p - a +0 dagger
   (You took it off a kobold on level 2 of the Dungeon)
Missiles
 s - 2 poisoned darts
Armour
 c - a +0 robe (worn)
 i - a +2 hat (worn)
   (You found it on level 1 of the Dungeon)
 k - a +0 pair of boots (worn)
   (You found it on level 3 of the Dungeon)
 q - a +0 pair of gloves (worn)
   (You found it on level 3 of the Dungeon)
Wands
 n - a wand of flame (24)
   (You found it on level 2 of the Dungeon)
Scrolls
 b - a scroll of poison
 d - a scroll of fear
 e - a scroll of enchant armour
 g - a scroll of vulnerability
 h - a scroll of fog
 m - 2 scrolls of teleportation
 o - a scroll of enchant weapon {unknown}
Potions
 f - 2 potions of flight
 l - a potion of attraction {unknown}
 t - a potion of brilliance {unknown}

Dungeon Overview and Level Annotations

Branches:
Dungeon (3/15)

####............#.#
#........)#######.#
#.#####.#.# #.# #.#
#.#.# ##)# #.#
###.#.# ##...
#.###...#.#####....
#.#.........##.....
#.#o........#......
#.@o........'......
###.........#......
#.........##.....
#.........###....
#.........# ##...
#.........# ##+#
#.........# #.#
#####.##### #.#
#.......# ##.#


You could see an orc priest (slow) and an orc.


Message History

Press ? for a list of commands and other information.
Found a staircase leading out of the dungeon.
You open the door.
Found an escape hatch in the floor.
There is an open door here.
You now have 14 gold pieces.
As you open the door, it creaks loudly!
There is an open door here.
A frilled lizard comes into view.
Found 5 stones and 3 scrolls labelled DYADAS BAQOMI.
You shoot a sling bullet.
The sling bullet hits the frilled lizard.
You kill the frilled lizard!
You see here 5 stones.
d - 3 scrolls labelled DYADAS BAQOMI You see here a frilled lizard corpse.
Found a ring mail.
You see here a +0 ring mail.
A hobgoblin comes into view.
You shoot a sling bullet. The sling bullet hits the hobgoblin.
The hobgoblin is moderately wounded.
You shoot a sling bullet. The sling bullet hits the hobgoblin.
The hobgoblin is severely wounded.
You shoot a sling bullet.
The sling bullet closely misses the hobgoblin.
You shoot a sling bullet.
The sling bullet barely misses the hobgoblin.
You shoot a sling bullet.
The sling bullet closely misses the hobgoblin.
The hobgoblin barely misses you.
You shoot a sling bullet. The sling bullet hits the hobgoblin.
You kill the hobgoblin!
No target in view!
e - a scroll labelled BACINO ITAYL
Found 5 stones.
A giant cockroach comes into view.
Found a hand axe.
You shoot a sling bullet.
The sling bullet hits the giant cockroach.
The giant cockroach is almost dead.
You shoot a sling bullet.
The sling bullet barely misses the giant cockroach.
You shoot a sling bullet.
The sling bullet hits the giant cockroach.
You kill the giant cockroach!
Your Fighting skill increases to level 1!
No target in view!
f - a coppery potion
Found a whip.
Found an emerald potion.
A hobgoblin comes into view.
Found a runed hat.
The hobgoblin shouts!
A jackal comes into view.
You shoot a sling bullet.
The sling bullet hits the hobgoblin but does no damage.
You shoot a sling bullet. The sling bullet hits the hobgoblin!
You kill the hobgoblin!
Your Ranged Weapons skill increases to level 2!
No target in view!
The jackal barks!
A jackal comes into view.
You shoot a sling bullet.
The sling bullet closely misses the jackal.
The sling bullet hits the jackal.
The jackal is heavily wounded.
You shoot a sling bullet. The sling bullet hits the jackal.
The jackal is almost dead.
You shoot a sling bullet. The sling bullet misses the jackal.
The sling bullet closely misses the jackal.
The jackal misses you.
You shoot a sling bullet.
The sling bullet barely misses the jackal.
The sling bullet hits the jackal but does no damage.
The jackal is heavily wounded.
The jackal bites you. The jackal misses you.
You shoot a sling bullet.
The sling bullet barely misses the jackal.
The jackal bites you but does no damage.
The jackal bites you.
You shoot a sling bullet. The sling bullet hits the jackal.
You kill the jackal!
The jackal closely misses you.
You shoot a sling bullet. The sling bullet hits the jackal.
You kill the jackal!
No target in view!
No target in view!
You see here a jackal corpse.
You see here a hobgoblin corpse.
g - a scroll labelled FEOPUMM NIZAWK You see here a hobgoblin corpse.
You see here a +0 whip.
h - a +0 whip You see here a +2 hat.
i - a +2 hat You start putting on your armour.
You continue putting on your +2 hat. x4
You finish putting on your +2 hat.
j - an emerald potion An endoplasm comes into view.
You shoot a sling bullet.
The sling bullet barely misses the endoplasm.
You shoot a sling bullet. The sling bullet hits the endoplasm.
The endoplasm is moderately wounded.
The endoplasm freezes you.
You are frozen.
You shoot a sling bullet.
The sling bullet barely misses the endoplasm.
The endoplasm misses you.
You shoot a sling bullet. The sling bullet hits the endoplasm!
You kill the endoplasm!
No target in view!
No target in view!
HP restored.
Found a stone staircase leading down.
There is a stone staircase leading down here.
k - a ruby potion A quokka comes into view.
You shoot a sling bullet. The sling bullet hits the quokka.
The quokka is lightly wounded.
You shoot a sling bullet. The sling bullet hits the quokka.
The quokka is heavily wounded.
You shoot a sling bullet. The sling bullet misses the quokka.
You shoot a sling bullet.
The sling bullet barely misses the quokka.
The quokka bites you but does no damage. x2
You shoot a sling bullet.
The sling bullet barely misses the quokka.
The quokka bites you.
You shoot a sling bullet.
The sling bullet barely misses the quokka.
The quokka closely misses you. The quokka bites you.
You shoot a sling bullet.
The sling bullet closely misses the quokka.
The quokka barely misses you. x2
You shoot a sling bullet. The sling bullet hits the quokka.
The quokka is moderately wounded.
The quokka bites you.
You shoot a sling bullet.
The sling bullet closely misses the quokka.
The quokka barely misses you. The quokka bites you.
You are too injured to fight recklessly!
You are too injured to fight recklessly!
You are too injured to fight recklessly!
Aiming: Slow (safe; 9% risk of failure)
Press: ? - help, Q - select action, (/) - cycle Shift-Dir - straight line, f/p - quokka
Aim: a quokka (lightly wounded, chance to affect: 59%)
The quokka seems to slow down.
You shoot a sling bullet. The sling bullet hits the quokka.
You kill the quokka!
You have reached level 2!
Okay, then.
Magic restored.
You see here a quokka corpse.
f - 2 coppery potions (gained 1)
You see here 5 stones.
A ball python comes into view.
You shoot a sling bullet. The sling bullet hits the ball python!
You kill the ball python!
Your Dodging skill increases to level 2!
No target in view!
No target in view!
You now have 22 gold pieces (gained 8).
A frilled lizard comes into view.
Found a tiny lapis lazuli amulet.
You shoot a sling bullet.
The sling bullet hits the frilled lizard.
You kill the frilled lizard!
No target in view!
No target in view!
Found a scale mail.
Things that are here:
an amulet of faith; a frilled lizard corpse You now have 29 gold pieces (gained 7).
You now have 40 gold pieces (gained 11).
A ball python comes into view.
You shoot a sling bullet. The sling bullet hits the ball python.
You kill the ball python!
You hear an angry hiss.
No target in view!
No target in view!
A ball python comes into view.
You shoot a sling bullet. The sling bullet hits the ball python.
You kill the ball python!
No target in view!
No target in view!
You now have 53 gold pieces (gained 13).
Found a stone staircase leading down.
There is a stone staircase leading down here.
A frilled lizard comes into view.
The frilled lizard hisses angrily.
You shoot a sling bullet.
The sling bullet hits the frilled lizard.
You kill the frilled lizard!
No target in view!
No target in view!
A goblin comes into view. It is wielding a +0 club.
The goblin shouts!
A goblin comes into view. It is wielding a +0 club.
You shoot a sling bullet. The sling bullet misses the goblin.
The goblin shouts!
You shoot a sling bullet.
The sling bullet barely misses the goblin.
You shoot a sling bullet. The sling bullet hits the goblin.
The goblin is moderately wounded.
You shoot a sling bullet.
The sling bullet closely misses the goblin.
You shoot a sling bullet.
The sling bullet barely misses the goblin.
The goblin closely misses you. x2
You shoot a sling bullet. The sling bullet hits the goblin.
The goblin is severely wounded.
The goblin hits you but does no damage.
You shoot a sling bullet. The sling bullet hits the goblin.
You kill the goblin!
You shoot a sling bullet. The sling bullet hits the goblin.
You kill the goblin!
No target in view!
No target in view!
Things that are here:
a +0 club; a +0 club A rat comes into view.
Found 4 gold pieces.
You shoot a sling bullet. The sling bullet hits the rat.
You kill the rat!
No target in view!
No target in view!
l - a smoky green potion
Found 4 stones.
You now have 57 gold pieces (gained 4).
You now have 75 gold pieces (gained 18).
Found a hand axe.
A rat comes into view.
You shoot a sling bullet. The sling bullet hits the rat.
You kill the rat!
No target in view!
No target in view!
You see here a +0 hand axe.
A giant cockroach and a kobold come into view.
You shoot a sling bullet.
The sling bullet hits the giant cockroach!
You kill the giant cockroach!
The kobold shouts!
You shoot a sling bullet. The sling bullet hits the kobold.
You kill the kobold!
No target in view!
No target in view!
Found a stone staircase leading down.
A bat comes into view.
You shoot a sling bullet. The sling bullet hits the bat.
The bat is moderately wounded.
The bat closely misses you.
You shoot a sling bullet. The sling bullet hits the bat.
You kill the bat!
No target in view!
No target in view!
You see here a bat corpse.
A kobold comes into view. It is wielding a +0 dagger.
You shoot a sling bullet. The sling bullet hits the kobold.
You kill the kobold!
No target in view!
No target in view!
An endoplasm comes into view.
Found a scroll labelled DYADAS BAQOMI.
You shoot a sling bullet. The sling bullet hits the endoplasm!
You kill the endoplasm!
No target in view!
No target in view!
d - 4 scrolls labelled DYADAS BAQOMI (gained 1)
Things that are here:
a +0 short sword; 3 stones
There is a stone staircase leading down here.
A rat comes into view.
A rat is nearby!
You shoot a sling bullet. The sling bullet hits the rat.
You kill the rat!
Your Stealth skill increases to level 1!
No target in view!
No target in view!
You see here a rat corpse.
You now have 78 gold pieces (gained 3).
You see here a +0 hand axe.
You see here 5 stones.
You open the door. 3 jackals come into view.
The jackal barks! x3
Found a scroll labelled BEHOLI KIT LYMN.
You shoot a sling bullet. The sling bullet hits the jackal.
The jackal is severely wounded.
You shoot a sling bullet. The sling bullet hits the jackal.
The jackal is heavily wounded.
The jackal closely misses you. The jackal bites you.
You shoot a sling bullet. The sling bullet hits the jackal.
You kill the jackal!
The jackal barely misses you.
You shoot a sling bullet.
The sling bullet barely misses the jackal.
The jackal bites you. The jackal barely misses you. The jackal bites you.
The jackal bites you but does no damage.
You shoot a sling bullet.
The sling bullet closely misses the jackal.
The jackal barely misses you. The jackal misses you.
The jackal barely misses you. The jackal closely misses you.
You shoot a sling bullet.
The sling bullet closely misses the jackal.
The jackal closely misses you. The jackal barely misses you.
The jackal bites you.
You shoot a sling bullet.
The sling bullet barely misses the jackal.
The jackal closely misses you. x2; The jackal misses you.
You shoot a sling bullet. The sling bullet hits the jackal.
You kill the jackal!
The jackal bites you but does no damage. x2
You shoot a sling bullet. The sling bullet hits the jackal.
The jackal is heavily wounded.
The jackal closely misses you.
The jackal bites you but does no damage.
You shoot a sling bullet.
The sling bullet closely misses the jackal.
The jackal barely misses you.
You shoot a sling bullet.
The sling bullet closely misses the jackal.
The jackal bites you but does no damage.
The jackal bites you.
You shoot a sling bullet. The sling bullet hits the jackal.
You kill the jackal!
No target in view!
No target in view!
There is an open door here.
m - a scroll labelled BEHOLI KIT LYMN
There is an open door here.
Done exploring.
Search for what [? for help]? d: Unknown command.
There is an open door here.
There is a fountain of clear blue water here.
There is an escape hatch in the floor here.
There is an open door here.
You see here a jackal corpse.
You see here 5 stones.
There is a stone staircase leading down here.
You climb downwards.
There is a stone staircase leading up here.
As you read the scroll labelled DYADAS BAQOMI, it crumbles to dust.
It is a scroll of identify.
e - a scroll of enchant armour
As you read the scroll of identify, it crumbles to dust.
g - a scroll of vulnerability
As you read the scroll of identify, it crumbles to dust.
m - a scroll of teleportation
As you read the scroll of identify, it crumbles to dust.
f - 2 potions of flight
There is a stone staircase leading up here.
A giant cockroach comes into view.
You shoot a sling bullet.
The sling bullet hits the giant cockroach but does no damage.
You shoot a sling bullet.
The sling bullet closely misses the giant cockroach.
You shoot a sling bullet.
The sling bullet barely misses the giant cockroach.
You shoot a sling bullet.
The sling bullet hits the giant cockroach but does no damage.
The giant cockroach bites you.
You shoot a sling bullet.
The sling bullet closely misses the giant cockroach.
The giant cockroach bites you but does no damage.
The giant cockroach barely misses you.
You shoot a sling bullet.
The sling bullet closely misses the giant cockroach.
The giant cockroach bites you but does no damage.
You shoot a sling bullet.
The sling bullet hits the giant cockroach but does no damage.
The giant cockroach barely misses you. x2
You shoot a sling bullet.
The sling bullet closely misses the giant cockroach.
The giant cockroach closely misses you.
You shoot a sling bullet.
The sling bullet hits the giant cockroach.
The giant cockroach is heavily wounded.
The giant cockroach bites you but does no damage. x2
You shoot a sling bullet.
The sling bullet closely misses the giant cockroach.
The giant cockroach barely misses you.
You shoot a sling bullet.
The sling bullet barely misses the giant cockroach.
The giant cockroach bites you but does no damage.
The giant cockroach barely misses you.
You shoot a sling bullet.
The sling bullet closely misses the giant cockroach.
The giant cockroach bites you. The giant cockroach closely misses you.
You shoot a sling bullet.
The sling bullet hits the giant cockroach.
The giant cockroach is severely wounded.
The giant cockroach barely misses you.
You shoot a sling bullet.
The sling bullet closely misses the giant cockroach.
The giant cockroach barely misses you. The giant cockroach misses you.
You shoot a sling bullet.
The sling bullet closely misses the giant cockroach.
The giant cockroach completely misses you.
You shoot a sling bullet.
The sling bullet hits the giant cockroach.
You kill the giant cockroach!
No target in view!
You see here a giant cockroach corpse.
m - 2 scrolls of teleportation (gained 1)
d - a scroll labelled QINYUNNEOCU Natasha, Servant of Life and Death comes into view.
Natasha hisses angrily.
Aiming: Slow (safe; 9% risk of failure)
Press: ? - help, Q - select action, (/) - cycle Shift-Dir - straight line, f - Natasha
Aim: Natasha (chance to affect: 41%) Natasha resists with some effort.
Aiming: Slow (safe; 9% risk of failure)
Press: ? - help, Q - select action, (/) - cycle Shift-Dir - straight line, f/p - Natasha
Aim: Natasha (chance to affect: 41%) Natasha resists with some effort.
You shoot a sling bullet. The sling bullet hits Natasha.
Natasha is moderately wounded.
You shoot a sling bullet. The sling bullet hits Natasha!
Natasha is severely wounded.
Natasha misses you.
You shoot a sling bullet. The sling bullet hits Natasha.
You kill Natasha!
Natasha yowls pathetically as she dies!
You have reached level 3!
Your experience leads to a dramatic increase in your attributes!
Increase (S)trength, (I)ntelligence, or (D)exterity?
You feel agile. x4
Magic restored.
You now have 90 gold pieces (gained 12).
You now have 102 gold pieces (gained 12).
A dart slug comes into view.
You shoot a sling bullet. The sling bullet hits the dart slug.
The dart slug is heavily wounded.
You shoot a sling bullet. The sling bullet hits the dart slug.
The dart slug is almost dead.
You shoot a sling bullet. The sling bullet hits the dart slug.
You kill the dart slug!
No target in view!
No target in view!
A bat comes into view.
You shoot a sling bullet. The sling bullet hits the bat.
The bat is moderately wounded.
The bat misses you.
You shoot a sling bullet.
The sling bullet closely misses the bat.
The bat barely misses you.
You shoot a sling bullet.
The sling bullet closely misses the bat.
The bat hits you but does no damage.
You shoot a sling bullet. The sling bullet hits the bat.
You kill the bat!
No target in view!
No target in view!
A giant cockroach comes into view.
You shoot a sling bullet.
The sling bullet hits the giant cockroach but does no damage.
You shoot a sling bullet.
The sling bullet hits the giant cockroach.
You kill the giant cockroach!
No target in view!
No target in view!
You now have 118 gold pieces (gained 16).
You see here a giant cockroach corpse.
You see here a giant cockroach corpse.
There is a stone staircase leading up here.
Found an escape hatch in the floor.
No target in view!
n - a wand of flame (24)
You now have 126 gold pieces (gained 8).
Found a robe.
Found an escape hatch in the ceiling.
There is an escape hatch in the ceiling here.
A kobold comes into view. It is wielding a +0 dagger.
You shoot a sling bullet. The sling bullet hits the kobold.
The kobold shouts!
The kobold is moderately wounded.
You shoot a sling bullet. The sling bullet hits the kobold!
You kill the kobold!
No target in view!
No target in view!
You now have 141 gold pieces (gained 15).
o - a scroll labelled RUFIKHL ZULIUL Search for what [Enter for "d:", or ? for help]? dagger You see here a +0 dagger.
p - a +0 dagger
Found a stone staircase leading down.
There is a shaft here.
Found a stone staircase leading up. 2 frilled lizards come into view.
Found a glowing spear.
You shoot a sling bullet.
The sling bullet hits the frilled lizard.
The frilled lizard hisses angrily.
The frilled lizard is heavily wounded.
You hear an angry hiss.
A ball python comes into view.
You shoot a sling bullet.
The sling bullet closely misses the frilled lizard.
You shoot a sling bullet.
The sling bullet hits the frilled lizard.
You kill the frilled lizard!
You hear an angry hiss.
A goblin comes into view. It is wielding a +0 dagger.
You shoot a sling bullet.
The sling bullet hits the frilled lizard but does no damage.
You shoot a sling bullet.
The sling bullet hits the frilled lizard!
You kill the frilled lizard!
You shoot a sling bullet.
The sling bullet closely misses the ball python.
The sling bullet hits the goblin!
You kill the goblin!
The ball python closely misses you. x2
You shoot a sling bullet. The sling bullet hits the ball python.
You kill the ball python!
No target in view!
No target in view!
Found a stone staircase leading up.
You see here a +0 spear of pain.
You now have 148 gold pieces (gained 7). 2 ball pythons and an adder come into view.
Aiming: Slow (safe; 9% risk of failure)
Press: ? - help, Q - select action, (/) - cycle Shift-Dir - straight line, f - adder
Aim: an adder (asleep, chance to affect: 50%)
You miscast Slow.
You are very lightly contaminated with residual magic.
Nothing appears to happen.
A ball python comes into view.
You shoot a sling bullet. The sling bullet hits the adder.
The adder is heavily wounded.
You hear an angry hiss.
You shoot a sling bullet.
The sling bullet hits the adder but does no damage.
The adder is heavily wounded.
The adder closely misses you. The adder bites you.
You are poisoned.
The adder poisons you!
Your magical contamination has completely faded away.
You shoot a sling bullet.
The sling bullet barely misses the adder.
You feel sick.
You hear an angry hiss. x3
A ball python comes into view.
The adder bites you but does no damage. The adder bites you.
You are more poisoned.
The adder poisons you!
You shoot a sling bullet. The sling bullet hits the adder!
You kill the adder!
You feel very sick.
You hear an angry hiss.
You shoot a sling bullet. The sling bullet hits the ball python.
You kill the ball python!
You feel sick.
You hear an angry hiss.
You shoot a sling bullet.
The sling bullet barely misses the ball python.
You feel sick. The ball python closely misses you. The ball python grabs you.
The ball python constricts you.
A ball python comes into view.
The ball python bites you. The ball python constricts you.
You shoot a sling bullet.
The sling bullet completely misses the ball python.
The sling bullet hits the ball python.
You kill the ball python!
You feel sick. The ball python bites you. The ball python constricts you.
You shoot a sling bullet.
The sling bullet closely misses the ball python. x2
You feel sick.
The ball python bites you but does no damage.
The ball python constricts you. The ball python barely misses you.
The ball python constricts you.
You are too injured to fight recklessly!
You are too injured to fight recklessly!
You are too injured to fight recklessly!
It was a potion of might.
You feel very mighty all of a sudden.
You feel sick.
The ball python bites you but does no damage.
The ball python constricts you.
It was a potion of heal wounds.
You feel much better.
You feel sick.
You are no longer poisoned.
The ball python barely misses you. The ball python constricts you.
You shoot a sling bullet. The sling bullet hits the ball python.
You kill the ball python!
The ball python bites you but does no damage.
The ball python closely misses you.
You shoot a sling bullet. The sling bullet hits the ball python.
The ball python is severely wounded.
The ball python barely misses you. The ball python grabs you.
The ball python constricts you.
You shoot a sling bullet.
The sling bullet barely misses the ball python.
The sling bullet closely misses the ball python.
The ball python closely misses you. The ball python constricts you.
The ball python closely misses you. The ball python constricts you.
You shoot a sling bullet. The sling bullet hits the ball python!
You kill the ball python!
The ball python bites you but does no damage.
The ball python closely misses you.
You shoot a sling bullet. The sling bullet hits the ball python!
You kill the ball python!
No target in view!
No target in view!
Things that are here:
a ball python corpse; a ball python corpse
Things that are here:
a ball python corpse; a ball python corpse You feel a little less mighty now.
There is a stone staircase leading up here.
Found a stone staircase leading down.
A worm comes into view.
You shoot a sling bullet. The sling bullet hits the worm.
The worm is lightly wounded.
You shoot a sling bullet. The sling bullet hits the worm.
The worm is moderately wounded.
You shoot a sling bullet. The sling bullet hits the worm!
The worm is severely wounded.
You shoot a sling bullet. The sling bullet hits the worm.
The worm is almost dead.
You shoot a sling bullet.
The sling bullet hits the worm but does no damage.
The worm is severely wounded.
You shoot a sling bullet. The sling bullet hits the worm.
You kill the worm!
You have reached level 4!
Found a rapier.
You see here a +0 rapier.
j - a +0 rapier You drop a +0 whip.
Found a stone staircase leading down.
There is a stone staircase leading down here.
You open the door.
There is an open door here.
h - a scroll labelled FAN GAIRADAO You open the door.
There is an open door here.
There is a stone staircase leading down here.
Found 2 stones.
k - a scroll of identify
As you read the scroll of identify, it crumbles to dust.
d - a scroll of fear Done exploring.
Search for what [Enter for "dagger", or ? for help]? d: Unknown command.
Things that are here:
a +0 dagger; a frilled lizard skeleton
There is a stone staircase leading down here.
You climb downwards.
Found 5 gold pieces.
There is a stone staircase leading up here.
A ball python comes into view.
The ball python hisses angrily.
You shoot a sling bullet.
The sling bullet closely misses the ball python.
You hear an angry hiss.
You shoot a sling bullet. The sling bullet hits the ball python.
You kill the ball python!
No target in view!
No target in view!
You now have 153 gold pieces (gained 5).
A quokka and a goblin come into view.
You shoot a sling bullet.
The sling bullet hits the quokka but does no damage.
You shoot a sling bullet.
The sling bullet barely misses the quokka.
The quokka bites you but does no damage.
The quokka misses you.
You shoot a sling bullet. The sling bullet hits the quokka!
You kill the quokka!
You shoot a sling bullet.
The sling bullet barely misses the goblin.
The goblin misses you.
You shoot a sling bullet.
The sling bullet completely misses the goblin.
The goblin misses you.
You shoot a sling bullet. The sling bullet hits the goblin.
The goblin is moderately wounded.
The goblin closely misses you. The goblin hits you with a +0 club.
You shoot a sling bullet. The sling bullet hits the goblin!
You kill the goblin!
No target in view!
No target in view!
HP restored.
Things that are here:
a +0 club; a goblin corpse
Found a ring mail.
You open the door.
A ball python comes into view.
Found a glowing golden altar of the Shining One.
You shoot a sling bullet.
The sling bullet hits the ball python but does no damage.
The ball python hisses angrily.
The ball python misses you. The ball python barely misses you.
You shoot a sling bullet.
The sling bullet closely misses the ball python.
The ball python misses you. x2
You shoot a sling bullet.
The sling bullet closely misses the ball python.
The ball python misses you. The ball python grabs you.
The ball python constricts you.
The ball python bites you but does no damage.
The ball python constricts you.
You shoot a sling bullet.
The sling bullet closely misses the ball python.
The ball python barely misses you. The ball python constricts you.
You shoot a sling bullet. The sling bullet hits the ball python.
You kill the ball python!
No target in view!
No target in view!
There is an open door, spattered with blood here.
You see here a ball python corpse.
You open the door.
Found a pair of boots.
There is an open door here.
You see here a +0 pair of boots.
k - a +0 pair of boots You start putting on your armour.
You continue putting on your +0 pair of boots. x4
You finish putting on your +0 pair of boots.
You now have 165 gold pieces (gained 12).
You open the door.
There is an open door here.
You open the door.
There is an open door here.
There is a stone staircase leading up here.
An orc comes into view. It is wielding a +0 mace.
The orc shouts!
You shoot a sling bullet.
The sling bullet completely misses the orc.
You shoot a sling bullet. The sling bullet hits the orc!
You kill the orc!
No target in view!
No target in view!
Found a stone staircase leading down.
Found a pair of gloves.
Found a hazy altar of Hepliaklqana.
You see here a +0 pair of gloves.
q - a +0 pair of gloves You start putting on your armour.
You continue putting on your +0 pair of gloves. x4
You finish putting on your +0 pair of gloves.
Found a stone staircase leading up.
There is a stone staircase leading up here.
A hobgoblin comes into view.
Found a falchion.
You shoot a sling bullet. The sling bullet hits the hobgoblin.
The hobgoblin shouts!
The hobgoblin is severely wounded.
You shoot a sling bullet. The sling bullet hits the hobgoblin.
You kill the hobgoblin!
A ball python comes into view.
You shoot a sling bullet.
The sling bullet barely misses the ball python.
The ball python hisses angrily.
You shoot a sling bullet.
The sling bullet barely misses the ball python.
You shoot a sling bullet. The sling bullet hits the ball python.
The ball python is moderately wounded.
The ball python bites you but does no damage.
The ball python completely misses you.
The ball python bites you but does no damage.
The ball python grabs you. The ball python constricts you.
You shoot a sling bullet.
The sling bullet completely misses the ball python.
The ball python barely misses you. The ball python constricts you.
You shoot a sling bullet. The sling bullet hits the ball python.
You kill the ball python!
No target in view!
You see here a ball python corpse.
You now have 172 gold pieces (gained 7).
A rat comes into view.
You shoot a sling bullet. The sling bullet hits the rat.
The rat is heavily wounded.
You shoot a sling bullet.
The sling bullet closely misses the rat.
You shoot a sling bullet. The sling bullet hits the rat.
You kill the rat!
No target in view!
No target in view!
r - a potion of heal wounds A goblin comes into view.
It is wielding a +0 club.
The goblin shouts!
The goblin moves out of view.
You shoot a sling bullet.
The sling bullet closely misses the goblin.
You shoot a sling bullet. The sling bullet hits the goblin.
You kill the goblin!
No target in view!
Things that are here:
a +0 club; a goblin corpse You now have 179 gold pieces (gained 7).
Found 2 poisoned darts.
Found a scroll of identify.
You see here 2 poisoned darts.
s - 2 poisoned darts
t - a scroll of identify
As you read the scroll of identify, it crumbles to dust.
h - a scroll of fog
Found a ring mail.
A goblin comes into view. It is wielding a +0 club.
You shoot a sling bullet. The sling bullet hits the goblin!
You kill the goblin!
No target in view!
No target in view!
As you open the door, it creaks loudly!
Found 13 gold pieces.
There is an open door here.
You now have 192 gold pieces (gained 13).
You open the door.
There is an open door here.
An orc comes into view. It is wielding a +0 hand axe.
You shoot a sling bullet. The sling bullet hits the orc.
The orc shouts!
The orc is moderately wounded.
You shoot a sling bullet.
The sling bullet closely misses the orc.
You shoot a sling bullet. The sling bullet barely misses the orc.
You shoot a sling bullet.
The sling bullet completely misses the orc.
You shoot a sling bullet. The sling bullet hits the orc!
You kill the orc!
No target in view!
No target in view!
Found a stone staircase leading down.
There is a stone staircase leading down here.
You now have 203 gold pieces (gained 11).
Found 4 stones.
A giant cockroach comes into view.
You shoot a sling bullet.
The sling bullet closely misses the giant cockroach.
You shoot a sling bullet.
The sling bullet hits the giant cockroach.
You kill the giant cockroach!
Your Ranged Weapons skill increases to level 3!
No target in view!
No target in view!
You see here a giant cockroach corpse.
You see here 4 stones.
An adder comes into view.
You shoot a sling bullet. The sling bullet hits the adder.
The adder hisses angrily.
The adder is lightly wounded.
You shoot a sling bullet.
The sling bullet closely misses the adder.
The adder barely misses you.
You shoot a sling bullet.
The sling bullet closely misses the adder.
The adder barely misses you.
You shoot a sling bullet. The sling bullet hits the adder.
The adder is severely wounded.
The adder bites you. The adder misses you.
You shoot a sling bullet.
The sling bullet closely misses the adder.
The adder closely misses you.
You shoot a sling bullet. The sling bullet hits the adder.
You kill the adder!
No target in view!
You see here an adder corpse.
You see here a +0 club.
There is an open door here.
You open the door.
There is an open door here.
You open the door.
There is an open door here.
There is an open door here.
There is a stone staircase leading down here.
You now have 215 gold pieces (gained 12).
Found 6 stones.
You now have 220 gold pieces (gained 5).
You see here 6 stones.
t - a silvery potion An orc priest and 2 orcs come into view.
The orc shouts!
You hear a shout!
You shoot a sling bullet. The sling bullet hits the orc.
The orc is almost dead.
You shoot a sling bullet. The sling bullet hits the orc.
You kill the orc!
No target in view!
You open the door.
An endoplasm comes into view.
You shoot a sling bullet. The sling bullet hits the endoplasm.
The endoplasm quivers.
The endoplasm is severely wounded.
You shoot a sling bullet.
The sling bullet completely misses the endoplasm.
You shoot a sling bullet. The sling bullet hits the endoplasm.
You kill the endoplasm!
No target in view!
No target in view!
There is an open door here.
You open the door.
An orc is nearby!
You shoot a sling bullet. The sling bullet hits the orc.
The orc is almost dead.
You shoot a sling bullet.
The sling bullet hits the orc but does no damage.
The orc is almost dead.
You shoot a sling bullet.
The sling bullet completely misses the orc.
You shoot a sling bullet. The sling bullet barely misses the orc.
You shoot a sling bullet. The sling bullet hits the orc.
You kill the orc!
No target in view!
You open the door.
An adder comes into view.
You shoot a sling bullet. The sling bullet hits the adder!
The adder hisses angrily.
The adder is severely wounded.
You shoot a sling bullet.
The sling bullet closely misses the adder.
You shoot a sling bullet. The sling bullet hits the adder.
The adder is almost dead.
The adder barely misses you. The adder bites you but does no damage.
You shoot a sling bullet. The sling bullet hits the adder.
You kill the adder!
No target in view!
There is an open door here.
You see here an adder corpse.
Found a stone staircase leading down.
Found a stone staircase leading up.
There is a stone staircase leading up here.
A kobold comes into view. It is wielding a +0 club.
You shoot a sling bullet. The sling bullet hits the kobold.
You kill the kobold!
No target in view!
No target in view!
You see here a +0 club.
You shoot a sling bullet.
The sling bullet barely misses the orc priest.
The orc priest shouts!
An orc comes into view. It is wielding a +2 dagger of venom.
You shoot a sling bullet. The orc shouts!
The sling bullet hits the orc priest.
The orc priest is moderately wounded.
You shoot a sling bullet. The sling bullet hits the orc priest.
The orc priest is heavily wounded.
You shoot a sling bullet.
The sling bullet completely misses the orc priest.
You shoot a sling bullet.
The sling bullet barely misses the orc priest.
The orc hits you with a +2 dagger of venom.
You are poisoned.
The orc priest hits you with a +0 club.
You shoot a sling bullet.
The sling bullet closely misses the orc priest.
You feel very sick. The orc barely misses you.
The orc priest completely misses you.
You shoot a sling bullet. The sling bullet hits the orc priest.
The orc priest is severely wounded.
You feel sick. The orc barely misses you.
The orc priest hits you but does no damage.
You shoot a sling bullet. The sling bullet hits the orc priest.
The orc priest is almost dead.
You feel sick. The orc hits you but does no damage.
You are more poisoned.
The orc priest closely misses you.
You shoot a sling bullet.
The sling bullet closely misses the orc priest.
You feel very sick. The orc hits you but does no damage.
You are more poisoned.
The orc priest mumbles some strange prayers to Beogh against you.
Pain shoots through your body! The orc barely misses you.
The orc priest closely misses you.
You are too injured to fight recklessly!
You are too injured to fight recklessly!
You are too injured to fight recklessly!
You feel much better.
You feel very sick. The orc hits you but does no damage.
You are more poisoned.
The orc priest misses you.
Aiming: Slow (safe; 9% risk of failure)
Press: ? - help, Q - select action, (/) - cycle Shift-Dir - straight line, f/p - orc priest
Aim: an orc priest, wielding a +0 club (almost dead, chance to affect: 41%)
The orc priest seems to slow down.
You feel very sick.
The orc hits you with a +2 dagger of venom.
You are more poisoned.
Aiming: Slow (safe; 9% risk of failure)
Press: ? - help, Q - select action, (/) - cycle Shift-Dir - straight line, f/p - orc priest
Aim: an orc priest, wielding a +0 club (almost dead, slow, chance to affect: 41%)
The orc priest seems to slow down.
You feel very sick. The orc priest closely misses you.
The orc closely misses you.
Aiming: Slow (safe; 9% risk of failure)
Press: ? - help, Q - select action, (/) - cycle Shift-Dir - straight line, f/p - orc priest
Aim: an orc priest, wielding a +0 club (almost dead, slow, chance to affect: 41%)
The orc priest resists with some effort.
You feel very sick.
The orc priest calls down the wrath of Beogh upon you.
Beogh smites you!
* * * LOW HITPOINT WARNING * * *
The orc misses you.
Aiming: Slow (safe; 9% risk of failure)
Press: ? - help, Q - select action, (/) - cycle Shift-Dir - straight line, f/p - orc priest
Aim: an orc priest, wielding a +0 club (almost dead, slow, chance to affect: 41%)
The orc priest seems to slow down.
You die...

Skill      XL: |  1  2  3  4 |
---------------+-------------+-----
Fighting       | 1 |  1.9
Ranged Weapons | 2 3 |  3.1
Dodging        | 2 |  2.6
Stealth        | 1 |  1.7
Spellcasting   | |  1.0
Hexes          | |  2.6

Action                     |  1- 3 |  4- 6 || total
---------------------------+-------+-------++-------
   Fire: Sling             |   123 |    66 ||   189
   Cast: Slow              |     3 |     4 ||     7
    Use: Scroll            |     4 |     2 ||     6
         Potion            |     2 |     1 ||     3
 Armour: Robe              |    20 |     9 ||    29
  Dodge: Dodged            |    51 |    27 ||    78

Levels and vault maps discovered:
D:1:      minmay_arrival_split_and_join, layout_loops_ring
D:2:      layout_loops_cross, minmay_misc_feat_doors, minmay_shallow_snake_nest,
          uniq_natasha
D:3:      layout_loops_corners, mainiacjoe_overflow_alcove_1,
          mainiacjoe_overflow_six_doors_small

Notes
Turn   | Place    | Note
-------+----------+-------------------------------------------
     0 | D:1      | scionoferis the Demigod Hexslinger began the quest for the
                  | Orb.
     0 | D:1      | Reached XP level 1. HP: 15/15 MP: 4/4
   193 | D:1      | Reached skill level 1 in Fighting
   210 | D:1      | Reached skill level 2 in Ranged Weapons
   307 | D:1      | Reached XP level 2. HP: 13/23 MP: 3/5
   419 | D:1      | Reached skill level 2 in Dodging
   652 | D:1      | Reached skill level 1 in Stealth
   979 | D:2      | Noticed Natasha
   984 | D:2      | Killed Natasha
   985 | D:2      | Reached XP level 3. HP: 28/28 MP: 3/6
  1447 | D:2      | Reached XP level 4. HP: 36/36 MP: 8/8
  2102 | D:3      | Reached skill level 3 in Ranged Weapons
  2431 | D:3      | HP: 1/36 [orc priest/divine providence (16)]
  2432 | D:3      | Succumbed to an orc's poison

Vanquished Creatures
  Natasha (D:2)
  3 adders (D:2 D:3)
  A worm (D:2)
  A dart slug (D:2)
  4 orcs (D:3)
  12 ball pythons (D:1 D:2 D:3)
  3 endoplasms (D:1 D:3)
  5 giant cockroaches (D:1 D:2 D:3)
  6 goblins (D:1 D:2 D:3)
  3 hobgoblins (D:1 D:3)
  5 jackals (D:1)
  2 quokkas (D:1 D:3)
  2 bats (D:1 D:2)
  5 frilled lizards (D:1 D:2)
  4 kobolds (D:1 D:2 D:3)
  4 rats (D:1 D:3)
61 creatures vanquished.

Vanquished Creatures (others)
  A fungus (D:2)
1 creature vanquished.

Grand Total: 62 creatures vanquished

Table legend: (Time is in decaauts)
 A = Elapsed time spent in this place.
 B = Non-inter-level travel time spent in this place.
 C = Inter-level travel time spent in this place.
 D = Time resting spent in this place.
 E = Time spent auto-exploring this place.
 F = Levels seen in this place.
 G = Mean time per level.
                   A        B        C        D        E       F      G
               +--------+--------+--------+--------+--------+-----+--------+
         Total |   2483 |   2330 |    153 |      0 |   1885 |   3 |  827.7 |
       Dungeon |   2483 |   2330 |    153 |      0 |   1885 |   3 |  827.7 |
               +--------+--------+--------+--------+--------+-----+--------+

Top non-repeatable levels by time:
     D:1: 946 daAuts
     D:3: 815 daAuts
     D:2: 721 daAuts

Table legend:
 A = Non-vault XP
 B = Vault XP
 C = Vault XP percentage of total XP
 D = Non-vault monster count
 E = Vault monster count
 F = Vault count percentage of total count
                 A         B        C        D         E       F
            +---------+---------+-------+---------+---------+-------
      Total |     121 |      53 |  30.5 |      54 |       7 |  11.5
            +---------+---------+-------+---------+---------+-------
        D:1 |      43 |       0 |   0.0 |      26 |       0 |   0.0
        D:2 |      21 |      53 |  71.6 |      10 |       7 |  41.2
        D:3 |      57 |       0 |   0.0 |      18 |       0 |   0.0
            +---------+---------+-------+---------+---------+-------
